[Event "ICCopen2017"]
[Site "Internet Chess Club"]
[Date "2017.03.25"]
[Round "8"]
[White "Heian"]
[Black "onti"]
[Result "0-1"]
[ICCResult "White checkmated"]
[WhiteElo "1467"]
[BlackElo "1335"]
[Opening "King's pawn game"]
[ECO "C50"]
[NIC "IG.03"]
[Time "15:30:11"]
[TimeControl "180+0"]

1. e4 e5 2. Nf3 Nc6 3. Bc4 h6 4. O-O Nf6 5. c3 Be7 6. d4 exd4 7. e5 Ne4 8.
cxd4 Bg5 9. Bd5 Bxc1 10. Qxc1 Ng5 11. Nxg5 Qxg5 12. f4 Qh4 13. g3 Qh3 14.
Qc4 O-O 15. Nc3 d6 16. Bxc6 bxc6 17. Qxc6 dxe5 18. dxe5 Bf5 19. Qg2 Qh5 20.
h3 Bd3 21. Rfd1 Qg6 22. Rd2 c5 23. b3 c4 24. bxc4 Bxc4 25. Ne4 Rad8 26. Rad1
Rxd2 27. Rxd2 Qa6 28. g4 Rb8 29. f5 Rb1+ 30. Kh2 Bf1 31. Rd8+ Kh7 32. Nf2
Bxg2 33. Kxg2 Qc6+ 34. Kg3 Qc3+ 35. Nd3 Qd2 36. e6 Rg1+ 37. Kh4 g5+ 38.
fxg6+ fxg6 39. Rd7+ Kg8 40. Rd8+ Kg7 41. Rd7+ Kf8 42. Ne5 Qg5#
{White checkmated}
0-1

[Event "ICCopen2017"]
[Site "Internet Chess Club"]
[Date "2017.03.25"]
[Round "8"]
[White "kentaur"]
[Black "hedgie"]
[Result "1-0"]
[ICCResult "Black forfeits on time"]
[WhiteElo "1650"]
[BlackElo "1826"]
[Opening "Sicilian: closed, 6.f4 e5 (Botvinnik)"]
[ECO "B25"]
[NIC "SI.45"]
[Time "15:31:07"]
[TimeControl "180+0"]

1. e4 c5 2. Nc3 Nc6 3. d3 g6 4. g3 Bg7 5. Bg2 d6 6. f4 e5 7. Nf3 Nge7 8. O-O
O-O 9. Ne2 f5 10. c3 fxe4 11. dxe4 h6 12. Nh4 Bg4 13. h3 Be6 14. g4 exf4 15.
Nxf4 Bf7 16. Nd5 Nxd5 17. exd5 Ne7 18. Qd3 c4 19. Qxc4 Nc8 20. Be3 Qxh4 21.
Rae1 h5 22. Qf4 Be5 23. Qh6 Qg3 24. Rf3 Qh2+ 25. Kf2 hxg4 26. Rh1 Qxh1 27.
Bxh1 gxf3 28. Bxf3 Bxd5 29. Qxg6+ Bg7 30. Bd4 Rxf3+ 31. Ke2 Rf7 32. Bxg7
Rxg7 33. Qe8+ Kh7 34. Qh5+ Kg8 35. Qxd5+ Kh8 36. Qh5+ Kg8 37. Qe8+ Kh7 38.
Kf3 Nb6 39. Qh5+ Kg8 40. Ke3 Rf8 41. Kd4 Rf4+ 42. Kd3 Nd7 43. Kc2 Ne5 44.
Kb3 Rf8 45. Qe2 b5 46. Qxb5 Rf3 47. Qd5+ Kh7 48. Ka4 Rf4+ 49. Ka3 Nc4+ 50.
Kb3 Nb6 51. Qxd6 Rgf7 52. Kc2 Rf2+ 53. Kb3 Rb7 54. Qd3+ Kg7 55. a3 Nd5+ 56.
Ka2 Rbxb2+ 57. Ka1 Ra2+ 58. Kb1 Rfb2+ 59. Kc1 Rc2+ 60. Qxc2 Rxc2+ 61. Kxc2
Ne3+ 62. Kb3 Nc4 63. Kb4 Nd6 64. Kc5 Nc8 65. Kc6 Kg6 66. Kb7 Kh5 67. Kxc8
Kh4 68. Kb7 Kxh3 69. Kxa7 Kg4 70. Kb6 Kf5 71. a4 Ke6 72. a5 Kd7 73. a6
{Black forfeits on time}
1-0

[Event "ICCopen2017"]
[Site "Internet Chess Club"]
[Date "2017.03.25"]
[Round "8"]
[White "alsaimer"]
[Black "touchthis"]
[Result "0-1"]
[ICCResult "White forfeits on time"]
[WhiteElo "1038"]
[BlackElo "1373"]
[Opening "Latvian counter-gambit"]
[ECO "C40"]
[NIC "KP.09"]
[Time "15:31:15"]
[TimeControl "180+0"]

1. e4 e5 2. Nf3 f5 3. Bd3 fxe4 4. Bxe4 Nf6 5. Nc3 d5 6. Bxd5 Nxd5 7. Nxd5
Qxd5 8. Qe2 Nc6 9. c4 Qd6 10. d4 Bg4 11. dxe5 Bxf3 12. gxf3 Qxe5 13. Qxe5+
Nxe5 14. O-O Nxf3+ 15. Kg2 Nh4+ 16. Kh3 Be7 17. Re1 Kf7 18. Bg5 Bxg5 19. Re5
Bf6 20. Re4 Ng6 21. Rae1 Rhe8 22. Rxe8 Rxe8 23. Rd1 Re2 24. Rd7+ Ke8 25.
Rxc7 Rxf2 26. Rxb7 Rc2 27. Rxa7 Rxc4 28. Ra8+ Bd8 29. b3 Rc2 30. a4 Nf4+ 31.
Kg4 Ne6 32. Kf5 Re2 33. b4 Nd4+ 34. Kf4 Rxh2 35. b5 Rh4+ 36. Ke3 Nc2+ 37.
Kd2 Nb4 38. a5 Nd5 39. b6 Rb4 40. Rb8 Rb5 41. b7 Nc7 42. a6 Nxa6 43. Ra8 Nc5
44. b8=Q Rxb8 45. Rxb8 Nd7 46. Rb7 Ke7 47. Ke3 Ke6 48. Kf4 Bf6 49. Kg4 h6
50. Kh5 Ne5 51. Rb6+ Kf5 {White forfeits on time} 0-1

[Event "ICCopen2017"]
[Site "Internet Chess Club"]
[Date "2017.03.25"]
[Round "8"]
[White "concrete"]
[Black "ural"]
[Result "1-0"]
[ICCResult "Black forfeits on time"]
[WhiteElo "2113"]
[BlackElo "2365"]
[Opening "Scandinavian (center counter) defense"]
[ECO "B01"]
[NIC "SD.01"]
[Time "15:31:08"]
[TimeControl "180+0"]

1. e4 d5 2. exd5 Qxd5 3. Nc3 Qa5 4. d4 Nf6 5. Bc4 Bg4 6. f3 Be6 7. Bxe6 fxe6
8. Ne2 Nc6 9. Qd3 O-O-O 10. Qe3 Qf5 11. O-O Kb8 12. Ne4 e5 13. dxe5 Qxe5 14.
N2g3 e6 15. c3 Nd5 16. Qe2 Nf4 17. Bxf4 Qxf4 18. Rad1 Be7 19. Rfe1 Bh4 20.
Rxd8+ Rxd8 21. Rd1 Re8 22. Qd2 Qf8 23. Ne2 a6 24. Qe3 h6 25. Nd4 Ne5 26. b3
Rd8 27. Rd2 Qe8 28. Ne2 Rd5 29. c4 Rxd2 30. Qxd2 Be7 31. Nf4 Qc6 32. Nd3 Nd7
33. Ndf2 Nf6 34. g3 b5 35. cxb5 axb5 36. Kg2 Nxe4 37. Nxe4 Bf6 38. a4 bxa4
39. Qb4+ Qb6 40. Qxa4 Kb7 41. Qc4 Qc6 42. Qxc6+ Kxc6 43. f4 Kb5 44. g4 Kb4
45. g5 hxg5 46. fxg5 Be5 47. h4 Kxb3 48. Nc5+ Kc4 49. Nxe6 c6 50. h5 Kd5 51.
Nd8 c5 52. Nb7 c4 53. Na5 c3 54. Nb3 c2 55. Nc1 Kc4 56. Ne2 Kb3 57. Kf3 Kb2
58. h6 {Black forfeits on time} 1-0

[Event "ICCopen2017"]
[Site "Internet Chess Club"]
[Date "2017.03.25"]
[Round "8"]
[White "cloak1"]
[Black "audipudy"]
[Result "1-0"]
[ICCResult "Black forfeits on time"]
[WhiteElo "1834"]
[BlackElo "1581"]
[Opening "Queen's pawn: English defense"]
[ECO "A40"]
[NIC "QO.17"]
[Time "15:31:09"]
[TimeControl "180+0"]

1. d4 b6 2. e4 Bb7 3. Nc3 e6 4. a3 c5 5. d5 Nf6 6. Bg5 h6 7. Bxf6 Qxf6 8.
Nf3 a6 9. e5 Qd8 10. d6 Nc6 11. Bd3 g6 12. O-O Bg7 13. Re1 O-O 14. Be4 Rb8
15. Bd3 b5 16. Bf1 Qa5 17. Qe2 f5 18. g3 Qd8 19. Bg2 Qe8 20. Rad1 g5 21. h3
Qg6 22. g4 Na5 23. Nh2 Nc4 24. b3 Bxg2 25. Kxg2 Nxa3 26. Ra1 b4 27. Na4 fxg4
28. hxg4 Nxc2 29. Nxc5 Nxa1 30. Rxa1 Qf7 31. Nxa6 Rbc8 32. Nc7 Qf4 33. Re1
Rb8 34. Qe3 Qxe3 35. Rxe3 Rb7 36. Nf3 Ra7 37. Re4 Ra5 38. Nd2 Rxe5 39. Rxb4
Re2 40. Ne4 Be5 41. Kf1 Rb2 42. Ke1 Rf4 43. Kd1 Rxg4 44. Ng3 Rxg3 45. fxg3
Bxg3 46. Kc1 Bxd6 47. Kxb2 Bxb4 48. Nxe6 Bd6 49. Nc5 Bxc5 50. Kc2 Be3 51.
Kd3 Bc5 52. Kc4 {Black forfeits on time} 1-0

[Event "ICCopen2017"]
[Site "Internet Chess Club"]
[Date "2017.03.25"]
[Round "8"]
[White "AAlekin28"]
[Black "Darnoc"]
[Result "0-1"]
[ICCResult "White forfeits on time"]
[WhiteElo "2609"]
[BlackElo "2910"]
[Opening "French: Tarrasch, open variation"]
[ECO "C07"]
[NIC "FR.19"]
[Time "15:31:00"]
[TimeControl "180+0"]

1. e4 e6 2. d4 d5 3. Nd2 c5 4. exd5 Qxd5 5. Ngf3 cxd4 6. Bc4 Qd6 7. O-O Nf6
8. Nb3 Nc6 9. Nbxd4 Nxd4 10. Nxd4 a6 11. Be3 Qc7 12. Bb3 Bd6 13. h3 O-O 14.
Nf3 Rd8 15. Qe2 b6 16. Rfd1 Bb7 17. Bd4 Nh5 18. Qe3 Bf4 19. Bxb6 Qc6 20. Qc5
Qxc5 21. Bxc5 Bxf3 22. gxf3 Be5 23. c3 Nf4 24. h4 h5 25. Be3 Ng6 26. Rxd8+
Rxd8 27. Rd1 Bf6 28. Rxd8+ Bxd8 29. Bg5 Bc7 30. Bc4 a5 31. b4 Kf8 32. Be3
Nxh4 33. Bc5+ Ke8 34. Be2 Ng6 35. a4 Nf4 36. Bb5+ Kd8 37. Bc4 Nd5 38. Bd4
axb4 39. cxb4 Nxb4 40. Bxg7 Nc6 41. Bf6+ Kd7 42. Kg2 Kd6 43. Kh3 Bb6 44. Kh4
Bxf2+ 45. Kxh5 Bd4 46. Kg5 Bb6 47. Kf4 Na5 48. Bb5 Nc6 49. Ke4 Kc5 50. Bg7
f5+ 51. Kd3 Kd6 52. Bf8+ Kc7 53. Ba3 Ne5+ 54. Ke2 Ng6 55. Bb2 Ba5 56. Bf6
Kd6 57. Bg7 Nf4+ 58. Kf2 Nd5 59. Bf8+ Ke5 60. Bg7+ Kf4 61. Bf8 Bb6+ 62. Kg2
Ne3+ 63. Kh3 Kxf3 64. Bc6+ Ke2 65. Bd6 Ba5 66. Bb5+ Kd2 67. Be5 Nc2 68. Bf4+
Kc3 69. Bc6 Kb4 70. Be5 Nd4 71. Bd7 Kc5 72. Bf6 f4 73. Be8 e5 74. Be7+ Kd5
75. Bf7+ Ke4 76. Bf6 Ke3 77. Bg6 Ne2 78. Bg7 f3 79. Bh6+ Nf4+ 80. Bxf4+ Kxf4
81. Bf5 Ke3 82. Be6 Kd4 83. Kg4 Kc5 84. Bf5 Kb4 85. Kxf3 Bc7 86. Ke4 Ka5 87.
Be6 Bb8 88. Bd5 Bc7 89. Be6 Bb8 90. Bd5 Kb6 91. Kf5 Kc5 92. Ke4 Kb6 93. Be6
Kc5 94. Bd5 Kd6 95. Be6 Ke7 96. Bd5 Kd6 {White forfeits on time} 0-1

[Event "ICCopen2017"]
[Site "Internet Chess Club"]
[Date "2017.03.25"]
[Round "8"]
[White "Colombiano07"]
[Black "oli2"]
[Result "0-1"]
[ICCResult "White checkmated"]
[WhiteElo "1941"]
[BlackElo "1701"]
[Opening "Sicilian defense"]
[ECO "B44"]
[NIC "SI.39"]
[Time "15:31:22"]
[TimeControl "180+0"]

1. e4 c5 2. Nf3 e6 3. d4 cxd4 4. Nxd4 Nc6 5. Be3 Nf6 6. Bd3 d5 7. Nd2 e5 8.
Nxc6 bxc6 9. exd5 cxd5 10. Bb5+ Bd7 11. Qe2 Be7 12. O-O O-O 13. c3 Bxb5 14.
Qxb5 Rb8 15. Qd3 Rxb2 16. Bxa7 Qa5 17. Be3 Rxa2 18. Nb3 Qa3 19. Qb5 h6 20.
h3 Rc8 21. Rxa2 Qxa2 22. Ra1 Qb2 23. Ra7 Bd6 24. Nd4 Qxb5 25. Nxb5 Bf8 26.
f4 exf4 27. Bd4 Ne4 28. Kf1 Bc5 29. Bxc5 Rxc5 30. Rb7 Nxc3 31. Nxc3 Rxc3 32.
Rb8+ Kh7 33. Rd8 Rd3 34. Ke1 f3 35. gxf3 Rxf3 36. Rxd5 Rxh3 37. Kf2 g5 38.
Kg2 Rh4 39. Kg3 Rf4 40. Rd1 Kg6 41. Rc1 h5 42. Rd1 f6 43. Kh3 h4 44. Rc1
Rf3+ 45. Kg2 Rg3+ 46. Kh2 f5 47. Rc2 Kh5 48. Rc1 f4 49. Rc2 f3 50. Rc8 Rg2+
51. Kh1 Rd2 52. Rc1 Kg4 53. Rg1+ Kh3 54. Ra1 Rh2+ 55. Kg1 f2+ 56. Kf1 Rh1+
57. Kxf2 Rxa1 58. Kf3 g4+ 59. Kf2 g3+ 60. Kf3 g2 61. Kf4 g1=Q 62. Kf3 Re1
63. Kf4 Qf2+ 64. Kg5 Rg1+ 65. Kh5 Qf5+ 66. Kh6 Qg6# {White checkmated} 0-1

[Event "ICCopen2017"]
[Site "Internet Chess Club"]
[Date "2017.03.25"]
[Round "8"]
[White "PCB1"]
[Black "herbyeddy"]
[Result "0-1"]
[ICCResult "White forfeits on time"]
[WhiteElo "1757"]
[BlackElo "1520"]
[Opening "QGD Slav defense"]
[ECO "D10"]
[NIC "SL.01"]
[Time "15:31:00"]
[TimeControl "180+0"]

1. d4 d5 2. c4 c6 3. Nc3 Nf6 4. e3 g6 5. Nf3 Bg7 6. b3 O-O 7. Bb2 b6 8. Be2
Bb7 9. O-O Nbd7 10. Bd3 a6 11. Qe2 b5 12. h3 b4 13. Na4 a5 14. Rac1 Ba6 15.
Rc2 Ne4 16. Rfc1 Re8 17. cxd5 Bxd3 18. Qxd3 cxd5 19. Nc5 Ndxc5 20. dxc5 Bxb2
21. Rxb2 Nc3 22. Rd2 e6 23. Nd4 Rc8 24. c6 e5 25. Nb5 Rxc6 26. Nxc3 bxc3 27.
Rxc3 Rxc3 28. Qxc3 Re6 29. Qc5 Rd6 30. a3 d4 31. exd4 Rxd4 32. Re2 f6 33. b4
axb4 34. axb4 Qd6 35. Qxd6 Rxd6 36. Rb2 Rb6 37. Kf1 Kf7 38. Ke2 Ke6 39. Ke3
Kd5 40. g4 f5 41. f3 f4+ 42. Kd3 g5 43. b5 h6 44. Rb3 Kc5 45. Ke4 Kd6 46.
Kf5 Kd5 47. Rb1 Kd4 48. Rd1+ Ke3 49. Kxe5 Kxf3 50. Rd3+ Ke2 51. Rb3 f3 52.
Ke4 f2 53. Rb2+ Ke1 54. Rb1+ Ke2 55. Rb2+ Kf1 56. Rb1+ Kg2 57. Rb2 Kg1 58.
Rxf2 Kxf2 59. Kf5 Kg3 60. Ke5 Kxh3 61. Kd5 Kxg4 62. Kc5 Rxb5+ 63. Kxb5 Kf3
64. Kc4 g4 65. Kd5 g3 66. Ke5 g2 67. Kf5 g1=Q 68. Ke5 Qg5+ 69. Kd4 Qf5
{White forfeits on time}
0-1

[Event "ICCopen2017"]
[Site "Internet Chess Club"]
[Date "2017.03.25"]
[Round "8"]
[White "BlackHorse96"]
[Black "Indiana-Jones"]
[Result "1-0"]
[ICCResult "Black forfeits on time"]
[WhiteElo "3050"]
[BlackElo "2744"]
[Opening "Queen's pawn: Chigorin variation"]
[ECO "D00"]
[NIC "QP.08"]
[Time "15:31:41"]
[TimeControl "180+0"]

1. d4 d5 2. Nc3 c6 3. Bf4 Nf6 4. e3 Bf5 5. Nf3 e6 6. Ne5 Nbd7 7. Bd3 Bg6 8.
h4 Nxe5 9. dxe5 Nd7 10. h5 Bxd3 11. cxd3 Qb6 12. Rb1 d4 13. Ne4 Nxe5 14. O-O
Nd7 15. Qg4 f5 16. Nd6+ Bxd6 17. Qxg7 O-O-O 18. Bxd6 Rhg8 19. Qxd4 c5 20.
Qf4 Rg4 21. Qh2 Rdg8 22. Bg3 e5 23. b4 Qf6 24. bxc5 f4 25. c6 bxc6 26. Rbc1
fxg3 27. fxg3 Qg5 28. Rxc6+ Kb7 29. Rc2 Rxg3 30. Re2 Nb6 31. h6 Nd5 32. Rf7+
Ka6 33. Rg7 Rxg7 34. hxg7 Nxe3 35. g8=Q Qxg8 36. Rxe3 Rxe3 37. Qh6+ Kb5 38.
Qxe3 Qxa2 39. Qxe5+ Kb4 40. Qd4+ Kb5 41. Kh2 a5 42. Qe5+ Ka4 43. d4 Kb3 44.
Qe6+ Kb2 45. Qe2+ Ka3 46. Qb5 a4 47. d5 Qd2 48. Qc5+ Ka2 49. Qc4+ Ka3 50.
Qc5+ Ka2 51. Qg1 {Black forfeits on time} 1-0

[Event "ICCopen2017"]
[Site "Internet Chess Club"]
[Date "2017.03.25"]
[Round "8"]
[White "sloeber84"]
[Black "devotional"]
[Result "0-1"]
[ICCResult "White checkmated"]
[WhiteElo "1920"]
[BlackElo "2083"]
[Opening "Ruy Lopez: Berlin defense, open variation"]
[ECO "C67"]
[NIC "RL.07"]
[Time "15:32:18"]
[TimeControl "180+0"]

1. e4 e5 2. Nf3 Nc6 3. Bb5 Nf6 4. O-O Nxe4 5. Re1 Nd6 6. Nxe5 Be7 7. Nxc6
dxc6 8. Bf1 c5 9. Nc3 c6 10. b3 O-O 11. Bb2 Bf6 12. Na4 c4 13. Bxf6 Qxf6 14.
bxc4 Rd8 15. Nc3 Bf5 16. c5 Ne8 17. d3 Qxc3 18. Rb1 Rd7 19. Qf3 Be6 20. a4
Nf6 21. h3 Qxc2 22. a5 Qxc5 23. a6 bxa6 24. Qg3 Bd5 25. Rb8+ Rxb8 26. Qxb8+
Qf8 27. Qf4 h6 28. Rb1 Rd8 29. Rb7 Qd6 30. Qe3 Rd7 31. Rxa7 Rxa7 32. Qxa7 c5
33. d4 cxd4 34. Qxd4 g6 35. Qd2 Kg7 36. Qd4 a5 37. g4 g5 38. h4 gxh4 39. g5
hxg5 40. Bd3 Qf4 41. Qc3 a4 42. Kf1 h3 43. Kg1 h2+ 44. Kf1 h1=Q+ 45. Ke2
Bf3# {White checkmated} 0-1

[Event "ICCopen2017"]
[Site "Internet Chess Club"]
[Date "2017.03.25"]
[Round "8"]
[White "Aladdin"]
[Black "mehrdad1978"]
[Result "1-0"]
[ICCResult "Black forfeits on time"]
[WhiteElo "2297"]
[BlackElo "1843"]
[Opening "Caro-Kann defense"]
[ECO "B12"]
[NIC "CK.01"]
[Time "15:32:10"]
[TimeControl "180+0"]

1. e4 c6 2. d4 g6 3. h3 Bg7 4. Nf3 d5 5. Nc3 dxe4 6. Nxe4 Nf6 7. Bd3 O-O 8.
c3 Nbd7 9. O-O Nxe4 10. Bxe4 Nf6 11. Bc2 Qc7 12. Re1 b6 13. Qe2 e6 14. Ne5
Bb7 15. Bf4 Qe7 16. Rad1 Rfd8 17. Ng4 Nxg4 18. Qxg4 c5 19. Be5 Bxe5 20. dxe5
Rxd1 21. Rxd1 Rd8 22. Qe2 Qc7 23. f4 Bc6 24. Kh2 Rxd1 25. Qxd1 Qd7 26. Qxd7
Bxd7 27. g4 Kf8 28. Kg3 Ke7 29. Kh4 Kf8 30. Be4 Bb5 31. b4 cxb4 32. cxb4 a5
33. a3 Bc4 34. Bg2 axb4 35. axb4 Bd3 36. Bc6 Bc4 37. f5 gxf5 38. gxf5 exf5
39. Kg5 Be6 40. h4 Kg7 41. Be8 h6+ 42. Kf4 f6 43. Bh5 Bc8 44. Be8 Kf8 45.
Bb5 Ke7 46. Bd3 fxe5+ 47. Kxe5 Bd7 48. Bxf5 Bxf5 49. Kxf5 Kf7 50. h5 b5 51.
Ke5 Kg7 52. Ke6 Kh7 53. Kf7 Kh8 54. Kg6 Kg8 55. Kxh6 Kh8 56. Kg5 Kg8 57. Kg6
Kh8 58. Kf6 Kh7 59. Ke6 Kh6 60. Kd6 Kxh5 61. Kc6 Kg6 62. Kxb5 Kf6 63. Kc6
Ke6 64. b5 Ke7 65. Kc7 Ke6 66. b6 Kd5 67. b7 Kd4 68. b8=Q
{Black forfeits on time}
1-0

[Event "ICCopen2017"]
[Site "Internet Chess Club"]
[Date "2017.03.25"]
[Round "8"]
[White "The7thGuest"]
[Black "Alikfish"]
[Result "1-0"]
[ICCResult "Black forfeits on time"]
[WhiteElo "1769"]
[BlackElo "1738"]
[Opening "Petrov's defense"]
[ECO "C42"]
[NIC "RG.03"]
[Time "15:32:39"]
[TimeControl "180+0"]

1. e4 e5 2. Nf3 Nf6 3. Nxe5 Qe7 4. Nf3 Qxe4+ 5. Be2 Bc5 6. O-O O-O 7. d4 Bb6
8. Nc3 Qe8 9. Bg5 Ne4 10. Nxe4 Qxe4 11. Bd3 Qg4 12. h3 Qh5 13. Be3 Nc6 14.
c3 d5 15. Ng5 Qxd1 16. Raxd1 h6 17. Nf3 Be6 18. Nd2 Ne7 19. Nb3 c6 20. Nc5
Bxc5 21. dxc5 Nf5 22. Bxf5 Bxf5 23. Bd4 Rfe8 24. Rfe1 Re4 25. f3 Re6 26.
Rxe6 Bxe6 27. Kf2 Re8 28. Re1 f6 29. g4 Kf7 30. f4 f5 31. g5 hxg5 32. fxg5
Kg6 33. h4 Kh5 34. Kg3 g6 35. Kf4 Bf7 36. Rxe8 Bxe8 37. Bf2 Bf7 38. a3 Be8
39. b4 Bd7 40. a4 Bc8 41. a5 Bd7 42. Ke5 Kg4 43. Kd6 Bc8 44. Kc7 Be6 45.
Kxb7 Kf3 46. Be1 Ke2 47. Bg3 Kd3 48. Kxa7 Kxc3 49. b5 cxb5 50. Kb6 b4 51. a6
d4 52. a7 Bd5 53. c6 b3 54. a8=Q b2 55. Qa3+ Kc2 56. Qa4+ Bb3 57. Qxd4 b1=Q
58. Qf2+ Kd3 59. Qf3+ Kc4 60. Qf4+ Kd3 61. Qf3+ Kc4 62. Kc7 Ba4 63. Qf4+ Kb5
64. Qe5+ Ka6 65. Qc5 Qb5 66. Qxb5+ Bxb5 67. Kd6 Kb6 68. c7 Ba6 69. Bf4 Kb5
70. Ke5 Kc4 71. Kf6 Kd3 72. Kxg6 Ke4 73. Bd6 f4 74. Bxf4 Kxf4 75. Kf6 Kg4
76. h5 {Black forfeits on time} 1-0

[Event "ICCopen2017"]
[Site "Internet Chess Club"]
[Date "2017.03.25"]
[Round "8"]
[White "Piranha"]
[Black "UAE2002"]
[Result "0-1"]
[ICCResult "White forfeits on time"]
[WhiteElo "1681"]
[BlackElo "1965"]
[Opening "Sicilian: accelerated fianchetto, Maróczy bind, 6.Be3"]
[ECO "B38"]
[NIC "SI.33"]
[Time "15:30:46"]
[TimeControl "180+0"]

1. e4 c5 2. Nf3 Nc6 3. d4 cxd4 4. Nxd4 g6 5. Be3 Bg7 6. c4 Nf6 7. Nc3 O-O 8.
Be2 Nxd4 9. Bxd4 d6 10. f3 Qa5 11. Qd2 Be6 12. Nd5 Qxd2+ 13. Kxd2 Nxe4+ 14.
fxe4 Bxd4 15. Nxe7+ Kg7 16. Rab1 Rfe8 17. Nd5 Rec8 18. Kd3 Be5 19. Bf3 a6
20. Nb6 Rab8 21. Nxc8 Rxc8 22. b3 h5 23. Rhd1 Bxh2 24. Ke2 Bg3 25. Rd3 Bf4
26. Rbd1 b5 27. cxb5 axb5 28. Rxd6 Bxd6 29. Rxd6 b4 30. Rd2 Kf6 31. Kd3 Rc3+
32. Kd4 h4 33. e5+ Kg5 34. Be4 Kf4 35. Rc2 Rxc2 36. Bxc2 g5 37. Be4 g4 38.
Bc6 h3 39. gxh3 gxh3 40. Kc5 Bg4 41. Bh1 Bf3 42. Bxf3 Kxf3 43. Kxb4 h2 44.
a4 h1=Q 45. a5 Qe1+ 46. Kb5 Qxe5+ 47. Kb6 Qc3 {White forfeits on time} 0-1

[Event "ICCopen2017"]
[Site "Internet Chess Club"]
[Date "2017.03.25"]
[Round "8"]
[White "evorg"]
[Black "TZ700A"]
[Result "1-0"]
[ICCResult "Black forfeits on time"]
[WhiteElo "1497"]
[BlackElo "1302"]
[Opening "Hungarian defense"]
[ECO "C50"]
[NIC "IG.03"]
[Time "15:37:23"]
[TimeControl "180+0"]

1. e4 e5 2. Nf3 Nc6 3. Bc4 Be7 4. O-O Nf6 5. d4 exd4 6. Nxd4 Ne5 7. Bb3 O-O
8. f3 d5 9. exd5 Nxd5 10. Nc3 Nxc3 11. bxc3 Bc5 12. Be3 Qh4 13. Bf2 Qh6 14.
Re1 Ng6 15. Qd3 Bd6 16. g3 Bh3 17. Qc4 Ne5 18. Rxe5 Bxe5 19. Re1 Rae8 20. f4
Bxd4 21. Rxe8 Bxf2+ 22. Kxf2 Qb6+ 23. Kf3 Qc6+ 24. Qxc6 bxc6 25. Rxf8+ Kxf8
26. Bc4 f6 27. g4 f5 28. g5 Bg4+ 29. Ke3 g6 30. Be2 Bxe2 31. Kxe2 Ke7 32.
Kd3 Kd6 33. Kc4 c5 34. a4 c6 35. a5 a6 36. h3 Ke6 37. Kxc5 Kd7 38. Kb6 Kd6
39. c4 c5 40. Kxa6 Kc6 41. Ka7 Kc7 42. a6 Kc8 43. Kb6 Kb8 44. Kxc5 Ka7 45.
Kd6 Kxa6 46. c5 Ka5 47. c6 Kb4 48. c7 Kc3 49. c8=Q+ Kd4 50. Qc5+ Ke4 51.
Qc4+ Kf3 52. Ke5 Kg3 53. Qd3+ {Black forfeits on time} 1-0

[Event "ICCopen2017"]
[Site "Internet Chess Club"]
[Date "2017.03.25"]
[Round "9"]
[White "Osinger"]
[Black "blunder23"]
[Result "1-0"]
[ICCResult "Black resigns"]
[WhiteElo "1657"]
[BlackElo "1464"]
[Opening "Sicilian: Smith-Morra gambit"]
[ECO "B21"]
[NIC "SI.48"]
[Time "15:44:13"]
[TimeControl "180+0"]

1. e4 c5 2. d4 cxd4 3. c3 dxc3 4. Nf3 cxb2 5. Bxb2 d6 6. Bc4 Be6 7. Bxe6
fxe6 8. Nd4 Qd7 9. O-O Nc6 10. f4 Nxd4 11. Bxd4 e5 12. fxe5 dxe5 13. Qh5+ g6
14. Qxe5 Nf6 15. Rxf6 Bg7 16. Rf8+ Kxf8 17. Qxg7+ {Black resigns} 1-0

[Event "ICCopen2017"]
[Site "Internet Chess Club"]
[Date "2017.03.25"]
[Round "9"]
[White "Jesus"]
[Black "Magagna"]
[Result "1-0"]
[ICCResult "Black resigns"]
[WhiteElo "1871"]
[BlackElo "1629"]
[Opening "King's pawn game"]
[ECO "C50"]
[NIC "IG.03"]
[Time "15:44:46"]
[TimeControl "180+0"]

1. e4 e5 2. Nf3 Nc6 3. Bc4 a6 4. c3 Nf6 5. O-O Bc5 6. d4 exd4 7. cxd4 Ba7 8.
e5 Ng8 9. Ng5 d5 10. exd6 cxd6 11. Bxf7+ Kf8 12. d5 Nce7 13. Be6 {Black
resigns} 1-0

[Event "ICCopen2017"]
[Site "Internet Chess Club"]
[Date "2017.03.25"]
[Round "9"]
[White "zepelin"]
[Black "Mercury"]
[Result "0-1"]
[ICCResult "White resigns"]
[WhiteElo "1984"]
[BlackElo "2148"]
[Opening "Sicilian defense"]
[ECO "B40"]
[NIC "SI.43"]
[Time "15:44:09"]
[TimeControl "180+0"]

1. e4 c5 2. Nf3 e6 3. c3 d5 4. exd5 Qxd5 5. d4 Nf6 6. Be3 Nc6 7. Bb5 cxd4 8.
Nxd4 Qxg2 9. Qf3 Qxf3 10. Nxf3 Bd7 11. Nbd2 Nd5 12. O-O-O Nxe3 13. fxe3 Bc5
14. Ne4 Bxe3+ 15. Kc2 Bf4 16. Nc5 O-O-O 17. Rhf1 Nb4+ 18. cxb4 Bxb5 19. Nd4
Bxf1 {White resigns} 0-1

[Event "ICCopen2017"]
[Site "Internet Chess Club"]
[Date "2017.03.25"]
[Round "9"]
[White "Cool-Defender"]
[Black "Chaos23"]
[Result "0-1"]
[ICCResult "White resigns"]
[WhiteElo "1563"]
[BlackElo "1849"]
[Opening "Benoni defense"]
[ECO "A56"]
[NIC "BI.38"]
[Time "15:44:19"]
[TimeControl "180+0"]

1. d4 Nf6 2. c4 c5 3. d5 g6 4. Nc3 Bg7 5. e3 O-O 6. g3 e6 7. Bg2 exd5 8.
Nxd5 Nc6 9. Nf3 d6 10. O-O Be6 11. Ng5 Bg4 12. Nf3 Nxd5 13. Qxd5 Nb4 14. Qd1
Be6 15. Nd2 Nd3 16. Qc2 Nb4 17. Qb1 Rb8 18. a3 Nc6 19. Qc2 d5 20. cxd5 Bxd5
21. e4 Be6 22. Nc4 Nd4 23. Qd1 Bxc4 {White resigns} 0-1

[Event "ICCopen2017"]
[Site "Internet Chess Club"]
[Date "2017.03.25"]
[Round "9"]
[White "AlonzoMosely"]
[Black "Maxbet"]
[Result "0-1"]
[ICCResult "White resigns"]
[WhiteElo "2229"]
[BlackElo "2825"]
[Opening "Grünfeld: exchange variation"]
[ECO "D85"]
[NIC "GI.04"]
[Time "15:45:20"]
[TimeControl "180+0"]

1. d4 Nf6 2. c4 g6 3. Nc3 d5 4. cxd5 Nxd5 5. e4 Nxc3 6. bxc3 Bg7 7. Be3 c5
8. Nf3 Bg4 9. Rb1 O-O 10. Rxb7 Nc6 11. Bc4 Na5 12. Bd5 e6 {White resigns}
0-1

[Event "ICCopen2017"]
[Site "Internet Chess Club"]
[Date "2017.03.25"]
[Round "9"]
[White "Red-white"]
[Black "jefferyx"]
[Result "1-0"]
[ICCResult "Black resigns"]
[WhiteElo "3015"]
[BlackElo "2766"]
[Opening "King's Indian: Torre attack"]
[ECO "A48"]
[NIC "QP.01"]
[Time "15:44:20"]
[TimeControl "180+0"]

1. d4 Nf6 2. Nf3 g6 3. Bg5 Bg7 4. e3 h6 5. Bh4 d6 6. Be2 g5 7. Bg3 Nh5 8. c4
e6 9. Nc3 b6 10. Nd2 Nxg3 11. hxg3 Bb7 12. Bf3 Nc6 13. b4 a6 14. a4 O-O 15.
b5 axb5 16. cxb5 Na5 17. Bxb7 Nxb7 18. O-O d5 19. Rc1 Qd6 20. Rc2 Rfc8 21.
Qb1 c5 22. bxc6 Rxc6 23. Nb5 Qd7 24. Rxc6 Qxc6 25. Rc1 Qe8 26. Nc7
{Black resigns}
1-0

[Event "ICCopen2017"]
[Site "Internet Chess Club"]
[Date "2017.03.25"]
[Round "9"]
[White "schakeri"]
[Black "BryanL"]
[Result "0-1"]
[ICCResult "White disconnected and forfeits"]
[WhiteElo "1793"]
[BlackElo "1954"]
[Opening "English: Anglo-Grünfeld, Czech defense"]
[ECO "A16"]
[NIC "EO.53"]
[Time "15:44:23"]
[TimeControl "180+0"]

1. c4 Nf6 2. Nc3 g6 3. g3 d5 4. cxd5 Nxd5 5. Bg2 Nb6 6. d4 Bg7 7. e3 O-O 8.
b3 Na6 9. Ba3 c5 10. Nge2 cxd4 {White disconnected and forfeits} 0-1

[Event "ICCopen2017"]
[Site "Internet Chess Club"]
[Date "2017.03.25"]
[Round "9"]
[White "JanTheMan"]
[Black "FGM21"]
[Result "1-0"]
[ICCResult "Black resigns"]
[WhiteElo "2366"]
[BlackElo "1928"]
[Opening "King's Indian defense"]
[ECO "E60"]
[NIC "KI.50"]
[Time "15:44:16"]
[TimeControl "180+0"]

1. d4 Nf6 2. c4 g6 3. f3 Bg7 4. e4 O-O 5. Nc3 c5 6. d5 d6 7. Bg5 h6 8. Be3
e6 9. Qd2 Re8 10. Nge2 a6 11. Bxh6 Nxe4 12. Nxe4 Qh4+ 13. g3 Qxh6 14. Qxh6
Bxh6 15. Nf6+ Kf8 16. Nxe8 Kxe8 17. f4 exd5 18. cxd5 b5 19. Nc3 Bb7 20.
O-O-O Nd7 21. Ne4 Bf8 22. h4 f5 23. Ng5 Nf6 24. Bg2 Bh6 25. Rhe1+ Kd7 26.
Re6 Bxg5 27. hxg5 Nxd5 28. Rxg6 Ne7 29. Bxb7 Rb8 30. Rgxd6+ Kc7 31. Rd7+
{Black resigns}
1-0

[Event "ICCopen2017"]
[Site "Internet Chess Club"]
[Date "2017.03.25"]
[Round "9"]
[White "Zephyr"]
[Black "xvs"]
[Result "1-0"]
[ICCResult "Black resigns"]
[WhiteElo "1527"]
[BlackElo "1575"]
[Opening "QGD Slav defense: exchange variation"]
[ECO "D13"]
[NIC "SL.01"]
[Time "15:45:45"]
[TimeControl "180+0"]

1. d4 c6 2. c4 d5 3. cxd5 cxd5 4. Nc3 Nc6 5. Nf3 Nf6 6. Bf4 a6 7. e3 Bf5 8.
Bd3 Bxd3 9. Qxd3 e6 10. O-O Rc8 11. Rfc1 Qb6 12. Na4 Qa5 13. b3 b5 14. Nc5
Be7 15. Ne5 Bxc5 16. Rxc5 Qb6 17. Rac1 Ne4 18. Rxc6 Rxc6 19. Rxc6 Qa5 20.
Rc8+ Ke7 21. Nc6+ {Black resigns} 1-0